cohdb
Replays
Latest Replays
All Replays
Popular Replays
Top Player Replays
Match Explorer
How It Works
Community
CoH3 Stats
Reddit
Sign in to upload your games and track your stats! →
Sign in with Steam
Match 47312979
Unlisted
Match 47312979
Overview
Messages
Build Orders
End
Construct Infanterie Kompanie
MG 42 Machine Gun Team
Grenadier Squad
Grenadier Squad
Grenadier Squad
Construct Panzergrenadier Kompanie
251 Medium Carrier
Selects Mechanized Battlegroup
Selects Mobile Repair Stations
251 Medium Carrier
Grenadier Squad
Panzergrenadier Officer Quarters
Pak 40 Anti-tank Gun Team
Construct Panzer Kompanie
Selects Raid Package
MG 42 Bunker
Panzer IV Medium Tank
Panzer Officer Quarters
Selects Wespe Self-propelled Artillery
Panzer IV Medium Tank
Pioneer Squad
Selects StuG Assault Group
Panzer IV Medium Tank
Side Skirts
Selects Zeroing Artillery Barrage
HANS
Matt
ionwood
Hauptmann_Hinkel
Korto
ww26282006
pürfekt
wudi
0
0
Comments
sign in to comment!
No comments posted yet!